 Dungeon Crawl Stone Soup version 0.13.1-28-g3517093 (webtiles) character file.

366 Iskender the Poker (level 5, -1/39 HPs)
             Began as a Mummy Chaos Knight on Mar 10, 2014.
             Was a Plaything of Xom.
             Slain by an ogre
             ... wielding a +0,+0 giant club
              (14 damage)
             ... on Level 3 of the Dungeon.
             The game lasted 00:23:45 (2718 turns).

Iskender the Poker (Mummy Chaos Knight)             Turns: 2718, Time: 00:23:45

HP  -1/39        AC 12     Str 15      XL: 5   Next: 48%
MP   5/5         EV  7     Int 12      God: Xom
Gold 167         SH 16     Dex 11      Spells:  0 memorised,  4 levels left

Res.Fire  : x . .   See Invis. : +   C - +2 hammer (protect)
Res.Cold  : + . .   Warding    : .   r - +2 leather armour
Life Prot.: + + +   Conserve   : .   F - +1 dwarf shield
Res.Poison: +       Res.Corr.  : .   (no helmet)
Res.Elec. : .       Clarity    : .   (no cloak)
Sust.Abil.: + .     Spirit.Shd : .   (no gloves)
Res.Mut.  : .       Stasis     : .   v - +1 pair of boots
Res.Rott. : +       Flight     : .   (no amulet)
Saprovore : . . .                    x - ring of sustain abilities {unknown}
                                     u - ring of see invisible {unknown}

@: about to teleport, slightly resistant to hostile enchantments, fairly
stealthy
A: no food or potions, fire vulnerability, restore body, cold resistance 1, life
protection 3, poison resistance, torment resistance, unbreathing
a: Renounce Religion


You were on level 3 of the Dungeon.
You worshipped Xom.
You were a toy of Xom.
You were not hungry.

You visited 1 branch of the dungeon, and saw 4 of its levels.

You collected 147 gold pieces.

Inventory:

Hand weapons
 a - a +2,+2 hammer of draining
 b - a +2,+0 sling of flame
 e - a +0,+1 dwarven hand axe
 g - a +0,+0 sling
 m - a +0,+2 hand axe
 q - a +0,+0 dagger (quivered)
 A - a +0,+0 elven long sword
 C - a +2,+2 hammer of protection (weapon)
 D - a +1,+0 spear of chaos {=f}
Missiles
 c - 23 bolts
 d - 31 darts
 h - 23 arrows
 k - 43 sling bullets
 s - 38 stones
 y - 10 bolts of frost
Armour
 r - a +2 leather armour (worn)
 v - a +1 pair of boots (worn)
 F - a +1 dwarven shield (worn)
Magical devices
 l - a wand of disintegration (12)
Scrolls
 f - a scroll of remove curse
 n - a scroll of amnesia {unknown}
 o - a scroll of enchant weapon I
 p - a scroll of recharging {unknown}
 t - a scroll of curse jewellery {unknown}
 z - a scroll of fog {unknown}
 E - a scroll of enchant armour {unknown}
Jewellery
 u - a ring of see invisible (left hand) {unknown}
 x - a ring of sustain abilities (right hand) {unknown}


   Skills:
 - Level 3.0 Fighting
 - Level 3.5 Polearms
 + Level 2.1 Slings
 - Level 1.5 Armour
 - Level 0.7 Dodging
 - Level 2.7 Stealth


You had 4 spell levels left.
You didn't know any spells.

Dungeon Overview and Level Annotations

Branches:
Dungeon (4/27)
 Temple: D:4-7

Altars:

Annotations:
D:2 Sigmund
D:4 1 exclusion


Innate Abilities, Weirdness & Mutations

You do not eat or drink.
Your flesh is vulnerable to fire.
Your flesh is cold resistant.
You are immune to negative energy.
Your system is resistant to poisons.
You are immune to unholy pain and torment.
You can survive without breathing.


Message History

The orc wizard gestures wildly while chanting.
The orc wizard seems to speed up.
A mysterious force pulls you upwards. The hatch slams shut behind you.
Read which item? (? for menu, Esc to quit)
As you read the scroll of teleportation, it crumbles to dust.
You feel strangely unstable. You block the orc wizard's attack.
Read which item? (? for menu, Esc to quit)
Okay, then.
Wield which item (- for none, * to show all)? (? for menu, Esc to quit)
You feel protected!
C - an uncursed hammer of protection (weapon)
You block the ogre's attack. You block the orc wizard's attack.
Evoke which item? (* to show all) (? for menu, Esc to quit)
Zapping:
l - a wand of disintegration {zapped: 2} {god gift}
Press: ? - help, Shift-Dir - straight line, f - ogre
Aim: an ogre, wielding a giant club The ogre is blasted.
You block the orc wizard's attack. The ogre hits you with a giant club!
You die...
Xom thinks this is hilarious!

##### ....# ###.##########
######## ##...#.......#
##......## .....#.......#
#..####..#
.#...........######.##..##.#
.##.##.........o@O..#......#
....##.......#####..#..##..#
....##.......#####..##..##.#
.##.##.......#####...##..#.#
.##.####.#########.......#.#
.....#.......%......##..##.#
.....#.........).....####..#
.....#.........%..........##
.....#...............######


You could see an ogre and an orc wizard.

Vanquished Creatures
  2 orc wizards (D:4)
  5 adders
  A giant centipede (D:1)
  A worm (D:3)
  An adder zombie (D:4)
  15 orcs
  A giant cockroach (D:4)
  8 goblins
  5 hobgoblins
  6 kobolds
  2 ball pythons
  5 bats
  A giant newt (D:4)
  A jackal skeleton (D:4)
  5 rats
  A rat skeleton (D:4)
60 creatures vanquished.

Vanquished Creatures (collateral kills)
  A worker ant (D:4)
1 creature vanquished.

Grand Total: 61 creatures vanquished

Notes
Turn   | Place    | Note
--------------------------------------------------------------
     0 | D:1      | Iskender, the Mummy Chaos Knight, began the quest for the Orb.
     0 | D:1      | Reached XP level 1. HP: 16/16 MP: 1/1
    18 | D:1      | XOM: harmless Tloc miscast
    52 | D:1      | XOM: potion effect (brilliance)
    64 | D:1      | XOM: divination: detect creatures
   505 | D:1      | XOM: harmless Divn miscast
   544 | D:1      | XOM: colour smoke trail
   575 | D:1      | Reached XP level 2. HP: 5/22 MP: 2/2
   645 | D:1      | XOM: harmless Ice miscast
   939 | D:2      | Reached XP level 3. HP: 28/28 MP: 3/3
   972 | D:2      | Noticed Sigmund
  1121 | D:1      | XOM: god gift: gold wand {god gift}
  1148 | D:1      | XOM: vitrification
  1347 | D:2      | XOM: vitrification
  1621 | D:3      | XOM: divination: magic mapping
  1631 | D:3      | Reached skill level 1 in Slings
  1758 | D:3      | XOM: vitrification
  1846 | D:3      | Reached XP level 4. HP: 34/34 MP: 4/4
  1873 | D:3      | XOM: vitrification
  1875 | D:3      | XOM: god gift: apple
  2024 | D:3      | Reached skill level 1 in Stealth
  2061 | D:4      | XOM: 4-stop teleportation journey
  2062 | D:4      | Noticed an ogre
  2069 | D:4      | XOM: noise
  2357 | D:4      | XOM: summons 2 friendly demons
  2401 | D:4      | Reached XP level 5. HP: 39/39 MP: 5/5
  2718 | D:3      | Slain by an ogre

Action                   |  1- 3 |  4- 6 || total
-------------------------+-------+-------++-------
Melee: Spear             |    92 |    41 ||   133
       Hammer            |       |     6 ||     6
 Fire: Sling             |    41 |    58 ||    99
Throw: Dart              |    14 |       ||    14
Evoke: Wand              |     2 |     1 ||     3
  Use: Scroll            |     2 |     3 ||     5
 Stab: Paralysed         |     1 |     1 ||     2
